 Dungeon Crawl Stone Soup version 0.29-a0-723-gce39da1c22 (webtiles) character file.

Game seed: 8557444844065260090

4197 ytrimaz the Fighter (level 10, -10/85 HPs)
             Began as a Demonspawn Fighter on June 28, 2022.
             Was an Initiate of Ashenzari.
             Killed by divine providence
             ... invoked by an orc priest
              (12 damage)
             ... on level 8 of the Dungeon.
             The game lasted 00:11:06 (7633 turns).

ytrimaz the Fighter (Demonspawn Fighter)            Turns: 7633, Time: 00:11:06

Health: -10/85     AC: 17    Str: 20    XL:     10   Next: 8%
Magic:  10/10      EV: 10    Int: 11    God:    Ashenzari [......]
Gold:   408        SH:  0    Dex: 12    Spells: 9/9 levels left

rFire   . . .      SeeInvis .   t - +2 quarterstaff (spect)
rCold   . . .      Faith    .   (shield currently unavailable)
rNeg    . . .      Spirit   .   w - +0 plate armour
rPois   .          Reflect  .   (no helmet)
rElec   .          Harm     .   (no cloak)
rCorr   .          Rampage  .   E - +0 pair of gloves
Will    .....                   f - +1 pair of boots
Stlth   ..........              x - amulet of Ashenzari's Ennui {Acrobat, Evo, Self} (curse)
HPRegen 0.24/turn               a - +4 ring of evasion
MPRegen 0.12/turn               (no ring)

@: no status effects
A: hooves 2, powered by pain 1, spiny 2, weakness stinger 2
a: Renounce Religion, Curse Item, Shatter the Chains


You were on level 8 of the Dungeon.
You worshipped Ashenzari.
Ashenzari was noncommittal.
You visited 1 branch of the dungeon, and saw 8 of its levels.

You collected 408 gold pieces.

Inventory:

Hand Weapons
 t - a +2 spectral quarterstaff (weapon)
Armour
 c - a +0 buckler
 f - a +1 pair of boots (worn)
 w - a +0 plate armour (worn)
 E - a +0 pair of gloves (worn)
Jewellery
 a - a +4 ring of evasion (left hand)
 x - the cursed amulet of Ashenzari's Ennui (around neck) {Acrobat, Evo, Self}
   (You found it on level 5 of the Dungeon)

   [amulet of the acrobat]

   It increases your evasion while moving and waiting.
   It has a curse which improves the following skills: Evocations: Evocations.
   Introspection: Fighting and Spellcasting.
Wands
 p - a wand of iceblast (3)
 v - a wand of digging (4)
 y - a wand of paralysis (9)
Scrolls
 g - a scroll of magic mapping
 h - 2 scrolls of fear
 i - a scroll of enchant armour
 j - 6 scrolls of teleportation
 k - a scroll of blinking
 u - 2 scrolls of summoning
 D - a scroll of silence
Potions
 b - 3 potions of curing
 d - 2 potions of lignification
 e - a potion of mutation
 l - 2 potions of cancellation
 n - 2 potions of magic
 o - 3 potions of might
 q - a potion of flight {unknown}
 r - 2 potions of brilliance
 s - a potion of ambrosia
 z - a potion of degeneration {unknown}
 A - a potion of resistance {unknown}
 B - a potion of haste {unknown}


   Skills:
 + Level 9.5(9.9) Fighting
 - Level 2.0 Short Blades
 + Level 6.4 Staves
 + Level 8.3 Armour
 - Level 4.0 Shields


You had 9 spell levels left.
You didn't know any spells.
Your spell library contained the following spells:

 Spells                   Type           Power      Damage    Failure   Level
 Sublimation of Blood     Necr           0%         N/A       100%        2
 Petrify                  Tmut/Erth      0%         N/A       100%        4
 Irradiate                Conj/Tmut      0%         3d13      100%        5


Dungeon Overview and Level Annotations

Branches:
Dungeon (8/15)             Temple (0/1) D:7            Lair (0/6) D:8

Altars:
Ashenzari
Hepliaklqana
Kikubaaqudgha
Makhleb
Trog
Uskayaw
Wu Jian
Zin
The Shining One

Shops:
D:2 !


Innate Abilities, Weirdness & Mutations

You have hoof-like feet.
You sometimes gain a little power by taking damage.
You are mostly covered in sharp spines.
You have a tail ending in a sharp stinger.


Message History

Beogh smites you!
* * * LOW HITPOINT WARNING * * *
The yak misses your +2 spectral quarterstaff.
You feel much better. The yak gores you but does no damage.
Unknown command.
You are too injured to fight recklessly!
You are too injured to fight recklessly!
You hit the yak.
The yak is moderately wounded.
Your +2 spectral quarterstaff hits the yak!
The yak is struck by your spines. The yak gores you but does no damage.
The orc priest mumbles some strange prayers to Beogh against you.
Beogh smites you!
* * * LOW HITPOINT WARNING * * *
You hit the yak but do no damage.
The yak is almost dead.
Your +2 spectral quarterstaff hits the yak.
You kill the yak!
The orc priest hits your +2 spectral quarterstaff with a +0 dagger.
Your spectral weapon shares its damage with you!
* * * LOW HITPOINT WARNING * * *
Something gores your +2 spectral quarterstaff.
Your spectral weapon shares its damage with you!
* * * LOW HITPOINT WARNING * * *
The yak is struck by your spines. The yak barely misses you.
The orc priest mumbles some strange prayers to Beogh against you.
Beogh smites you!
* * * LOW HITPOINT WARNING * * *
There is an open door, spattered with blood here.
You see here a yak corpse.
Unknown command.
You hit the orc priest but do no damage.
Your +2 spectral quarterstaff hits the orc priest.
The orc priest hits your +2 spectral quarterstaff with a +2 vorpal hand axe!
Your spectral weapon shares its damage with you!
* * * LOW HITPOINT WARNING * * *
The yak closely misses you.
The orc priest calls down the wrath of Beogh upon you.
Beogh smites you!
You die...

. ....<. .. .....#
.?.## Y....#
.....# o....#
......# #.....#
....P..###+#.....#
>.......#Y......#
...P...§@oo)....#
......#.#(......#
.^...##+#..†....#
...####....†....#
.# #...........#
#...........#
#...........+
#...........#
#..<.#####+##


You could see a yak, 2 orc priests and a friendly +2 spectral quarterstaff
(summoned).

Vanquished Creatures
  An elephant (D:8)
  Sigmund (D:5)
  A wyvern (D:8)
  4 yaks (D:8)
  A basilisk (D:8)
  3 water moccasins
  2 orc warriors (D:7)
  A black bear (D:8)
  2 ice beasts
  2 phantoms
  A centaur (D:7)
  Blork the orc (D:6)
  2 bullfrogs
  4 necrophages
  6 scorpions
  5 wights (D:7)
  A howler monkey (D:7)
  3 jellies
  2 hounds (D:6)
  2 orc priests
  4 iguanas
  Crazy Yiuf (D:5)
  4 orc wizards
  A gnoll (D:5)
  6 adders
  A shadow imp (D:5)
  3 white imps
  An ufetubus (D:6)
  A worm (D:3)
  3 dart slugs
  31 orcs
  5 bats
  3 endoplasms
  A giant cockroach (D:2)
  14 goblins
  11 hobgoblins
  16 jackals
  2 quokkas (D:1)
  7 ball pythons
  5 frilled lizards
  12 kobolds
  7 rats
184 creatures vanquished.

Vanquished Creatures (others)
  A plant (D:1)
  7 withered plants (D:3)
8 creatures vanquished.

Grand Total: 192 creatures vanquished

Notes
Turn   | Place    | Note
-------+----------+-------------------------------------------
     0 | D:1      | ytrimaz the Demonspawn Fighter began the quest for the Orb.
     0 | D:1      | Reached XP level 1. HP: 18/18 MP: 1/1
    42 | D:1      | Gained mutation: You sometimes gain a little power by
                  | taking damage. [demonic ancestry]
    42 | D:1      | Reached XP level 2. HP: 7/24 MP: 2/2
   607 | D:1      | Gained mutation: You have sharp toenails. [potion of
                  | mutation]
   709 | D:1      | You fall into a shaft and drop 1 floor!
   880 | D:1      | Gained mutation: You are partially covered in sharp spines.
                  | [demonic ancestry]
   880 | D:1      | Reached XP level 3. HP: 25/29 MP: 3/3
  1016 | D:1      | Found a faded altar of an unknown god.
  2031 | D:2      | Found Fyob's Distillery.
  2327 | D:3      | Identified the +5 hand axe of Ru's Respect {pain, Dex+2}
  2359 | D:3      | Discovered your monstrous ancestry.
  2359 | D:3      | Gained mutation: You have a small tail. [demonic ancestry]
  2359 | D:3      | Reached XP level 4. HP: 27/37 MP: 4/4
  2733 | D:3      | Gained mutation: You are mostly covered in sharp spines.
                  | [demonic ancestry]
  2733 | D:3      | Reached XP level 5. HP: 41/42 MP: 5/5
  2736 | D:3      | Found an ancient bone altar of Kikubaaqudgha.
  2988 | D:4      | Reached skill level 4 in Fighting
  3003 | D:4      | Reached XP level 6. HP: 43/48 MP: 6/6
  3550 | D:4      | Found a broken altar of Ashenzari.
  3559 | D:4      | Reached skill level 5 in Fighting
  3562 | D:4      | Became a worshipper of Ashenzari the Shackled
  4053 | D:4      | Found a hide-covered altar of Uskayaw.
  4152 | D:4      | Lost mutation: You have sharp toenails. [demonic ancestry]
  4152 | D:4      | Gained mutation: You have large cloven feet. [demonic
                  | ancestry]
  4152 | D:4      | Reached XP level 7. HP: 39/56 MP: 7/7
  4369 | D:5      | Entered Level 5 of the Dungeon
  4369 | D:5      | Noticed Sigmund
  4387 | D:5      | Reached skill level 6 in Fighting
  4564 | D:5      | Found an ornate altar of the Wu Jian Council.
  4928 | D:5      | Killed Sigmund
  4929 | D:5      | Reached skill level 5 in Armour
  5150 | D:5      | Reached skill level 7 in Fighting
  5185 | D:5      | Found a hazy altar of Hepliaklqana.
  5210 | D:5      | Gained mutation: You have hoof-like feet. [demonic
                  | ancestry]
  5210 | D:5      | Reached XP level 8. HP: 58/67 MP: 8/8
  5490 | D:5      | Found a runed translucent door.
  5491 | D:5      | Noticed Crazy Yiuf
  5693 | D:5      | Killed Crazy Yiuf
  5804 | D:6      | Reached skill level 8 in Fighting
  5932 | D:6      | Noticed Blork the orc
  5942 | D:6      | Killed Blork the orc
  5943 | D:6      | Reached skill level 1 in Staves
  6582 | D:7      | Reached XP level 9. HP: 69/76 MP: 9/9
  6662 | D:7      | Found a bloodstained altar of Trog.
  7024 | D:7      | Reached skill level 9 in Fighting
  7124 | D:7      | Found a staircase to the Ecumenical Temple.
  7145 | D:7      | Reached skill level 5 in Staves
  7350 | D:7      | Found a burning altar of Makhleb.
  7355 | D:7      | Noticed an angel
  7356 | D:7      | Noticed a green death
  7410 | D:8      | Noticed an elephant
  7424 | D:8      | Killed an elephant
  7621 | D:8      | Found a staircase to the Lair.
  7624 | D:8      | Gained mutation: You have a tail ending in a sharp stinger.
                  | [demonic ancestry]
  7624 | D:8      | Reached XP level 10. HP: 44/85 MP: 10/10
  7633 | D:8      | HP: 2/85 [orc priest/+2 vorpal hand axe (4)]
  7633 | D:8      | Killed from afar by an orc priest

Illustrated notes

Levels and vault maps discovered:
D:1:      dpeg_arrival_rhombi, layout_loops_ring,
          dreamdust_ecumenical_altar_grove, minmay_pentomino_s4
D:2:      layout_loops_ring, serial_shops, nicolae_shop_statue_plus
D:3:      layout_basic, kiku_gazebo_garden_becter
D:4:      nicolae_cairo_tiling_large_dashed, layout_basic,
          cheibrodos_ashenzari_chains, mainiacjoe_overflow_paths,
          nicolae_overflow_hidden_temple, kennysheep_big_empty_room
D:5:      corexii_shantytown, layout_cave_pools, nicolae_wu_jian_wuxing_cycle,
          mainiacjoe_overflow_six_doors_small, kennysheep_small_spiral,
          uniq_crazy_yiuf_cottage, uniq_sigmund
D:6:      layout_rooms, minmay_holes, hangedman_abyss_or_decor_jellyfish_corner,
          uniq_blork_the_orc
D:7:      layout_rooms, grunt_temple_overflow_order_and_chaos_2,
          mainiacjoe_overflow_small_starburst, minmay_temple_entry_offerings,
          dk_noncrumbling_4, hex_tiny, ebering_dispersal_statue_hall
D:8:      layout_gridville, david_lair_generic

Skill      XL: |  1  2  3  4  5  6  7  8  9 |
---------------+----------------------------+-----
Armour         | 3 4 5 6 8 |  8.3
Shields        | 3 4 |  4.0
Fighting       | 4 5 7 8 9 |  9.5
Short Blades   | 2 |  2.0
Staves         | 3 6 |  6.4

Action                   |  1- 3 |  4- 6 |  7- 9 | 10-12 || total
-------------------------+-------+-------+-------+-------++-------
Melee: Rapier            |   134 |    73 |    37 |       ||   244
       Kick              |    19 |    16 |       |       ||    35
       Tailslap          |       |     9 |    32 |     1 ||    42
       Quarterstaff      |       |       |   138 |     8 ||   146
Invok: Curse Item        |       |       |     1 |       ||     1
  Use: Scroll            |     8 |     4 |     6 |       ||    18
       Potion            |     1 |     6 |       |     1 ||     8
 Stab: Invisible         |       |     1 |       |       ||     1
       Distracted        |       |       |     2 |       ||     2
Armor: Scale mail        |    61 |    29 |    21 |       ||   111
       Plate armour      |       |       |    63 |     2 ||    65
Dodge: Dodged            |    50 |    28 |    66 |     2 ||   146
Block: Buckler           |    35 |    12 |    12 |       ||    59

Table legend: (Time is in decaauts)
 A = Elapsed time spent in this place.
 B = Non-inter-level travel time spent in this place.
 C = Inter-level travel time spent in this place.
 D = Time resting spent in this place.
 E = Time spent auto-exploring this place.
 F = Levels seen in this place.
 G = Mean time per level.
                   A        B        C        D        E       F      G
               +--------+--------+--------+--------+--------+-----+--------+
         Total |   7694 |   7434 |    260 |   1358 |   4638 |   8 |  961.8 |
       Dungeon |   7694 |   7434 |    260 |   1358 |   4638 |   8 |  961.8 |
               +--------+--------+--------+--------+--------+-----+--------+

Top non-repeatable levels by time:
     D:4: 1443 daAuts
     D:5: 1292 daAuts
     D:1: 1254 daAuts
     D:2: 1066 daAuts
     D:7: 957 daAuts
     D:3: 738 daAuts
     D:6: 708 daAuts
     D:8: 233 daAuts
